AoeStats
← Kajook

Nomad

507338128Analyzed
4v4 RM · 15d ago on Sep 17, 2026· 36m 24s· 8 players
Game mode
Random Map
Map size
231×231
Population
200
Speed
Normal
Resources
Standard
Victory
Conquest
Starting age
Dark Age
Ending age
Imperial Age
RankedLock teamsTeams togetherTeam positionsShared explorationLock speedFull tech treeHidden civsTurbo modeCheats
Victory
Defeat
🇹🇷 Mongols · Türkiye
1415
+12
🇵🇪 Malay · Peru
1410
+12
🇮🇳 Persians · India
1285
+18
🇭🇰 Vietnamese · Hong Kong SAR China
1284
+17
🇨🇴 Spanish · Colombia
1360
-16
🇲🇽 Wu · Mexico
1319
-15
🇩🇪 Berbers · Germany
1313
-14
🇨🇴 Ethiopians · Colombia
1298
-14
Kajook
9:39 Loom
12:23 Feudal Age
19:16 Castle Age
22:25 Fletching
zularombr
9:09 Loom
11:01 Loom
13:54 Feudal Age
17:37 Castle Age
16:12 Stone Mining
17:28 Fletching
MERA_Varalaukar
5:00 Loom
12:18 Feudal Age
12:44 Double-Bit Axe
19:39 Castle Age
17:43 Fishing Lines
18:42 Gold Mining
18:42 Stone Mining
19:54 Fletching
20:50 Bow Saw
22:31 Medium Warships
23:15 Bodkin Arrow
24:08 Clinker Construction
25:29 Ballistics
25:47 Gillnets
julianSD7
5:52 Loom
15:15 Feudal Age
16:16 Fishing Lines
16:33 Double-Bit Axe
19:05 Town Watch
21:47 Castle Age
22:31 Gillnets
24:25 Wheelbarrow
24:30 Crossbowman
26:09 Thumb Ring
28:46 Fletching
28:56 Padded Archer Armor
30:15 Scale Mail Armor
31:31 Hand Cart
32:48 Bodkin Arrow
33:08 Leather Archer Armor
35:41 Ballistics
SEFA
5:41 Loom
11:42 Feudal Age
16:45 Castle Age
15:35 Forging
29:26 Town Watch
30:47 Fishing Lines
33:23 Gillnets
35:31 Wheelbarrow
UnHappy
4:29 Loom
14:16 Feudal Age
17:58 Castle Age
15:45 Double-Bit Axe
18:55 Bow Saw
20:17 Horse Collar
21:26 Crossbowman
22:11 Padded Archer Armor
23:59 Ballistics
24:55 Fletching
27:54 Leather Archer Armor
29:09 Wheelbarrow
28:32 Gold Mining
28:51 Bodkin Arrow
29:18 Stone Mining
29:45 Treadmill Crane
33:12 Imperial Age
31:05 Heavy Plow
32:18 Hand Cart
33:11 Thumb Ring
34:03 Bracer
34:32 Arbalester
37:25 Ring Archer Armor
slapster24
6:26 Loom
13:21 Feudal Age
14:00 Double-Bit Axe
23:10 Castle Age
21:47 Fletching
23:12 Bloodlines
23:48 Medium Warships
23:36 Bodkin Arrow
23:54 Bow Saw
26:40 Scale Barding Armor
29:59 Horse Collar
33:19 Heavy Plow
34:06 Chain Barding Armor
CTM | KLIN
4:37 Loom
13:55 Feudal Age
17:22 Castle Age
17:12 Double-Bit Axe
17:27 Horse Collar
20:09 Bow Saw
28:21 Forging
32:59 Gold Mining
35:21 Iron Casting
36:01 Husbandry
35:22 Light Cavalry
36:22 Scale Barding Armor
Connection lost

Rejoining the realm…

Still unreachable

The connection could not be restored.

Session expired

The server has moved on; the page needs a fresh start.